Map: Prion Terraces

Players

AuntJemima

  • Race: Zerg Zerg
  • League: Diamond

BunnyWillis - Winner!

  • Race: Terran Terran
  • League: Grandmaster

VOD

Have the link to the VOD?

Description

Time

  • Played on: Nov. 23, 2015, 9:34 p.m.
  • Length: 7:08
Show
View Real Time Build Order
Export as new Build Order

AuntJemima Zerg 

Build Orders: Hatch First 

Get SALT Encoding   

  12  0:01  Drone  
  13  0:14  Overlord  
  13  0:19  Drone  
  14  0:43  Hatchery  
  14  0:48  Drone  
  14  1:03  Spawning Pool  
  13  1:08  Drone  
  14  1:14  Drone  
  14  1:18  Extractor  
  14  1:19  Drone  
  15  1:55  Queen  
  15  1:59  Drone  
  15  2:00  Drone x3  
  21  2:16  Drone  
  21  2:17  Drone  
  21  2:19  Drone  
  24  2:23  Metabolic Boost  
  24  2:31  Overlord  
  24  2:35  Zergling x2  
  25  2:43  Baneling Nest  
  25  2:44  Zergling x2  
  25  2:49  Zergling x4  
  27  3:02  Zergling x2  
  27  3:03  Zergling x2  
  28  3:08  Evolution Chamber  
  26  3:18  Zergling x4  
  26  3:19  Zergling x2  
  28  3:31  Overlord  
  28  3:35  Baneling x2  
  28  3:36  Zergling x2  
  29  3:45  Overlord  
  29  3:48  Spine Crawler  
  25  4:00  Zergling x2  
  25  4:01  Zergling x4  
  24  4:06  Spine Crawler  
  23  4:11  Spine Crawler  
  23  4:13  Zergling x2  
  23  4:37  Zergling x10  
  26  5:11  Overlord  
  26  5:12  Zergling x6  
  26  5:13  Zergling x4  
  31  5:33  Zergling x2  
  32  6:06  Zergling x8  
  32  6:34  Baneling x6  
  32  6:35  Baneling x2  
  32  6:36  Zergling x2  
  32  6:37  Zergling x6  
Show
View Real Time Build Order
Export as new Build Order

BunnyWillis Terran - Winner!

Build Orders:  

Get SALT Encoding   

  12  0:29  SCV  
  13  0:37  Supply Depot  
  13  0:41  SCV  
  14  0:53  SCV  
  15  0:59  Barracks  
  15  1:01  Barracks  
  15  1:05  SCV  
  16  1:12  Barracks  
  16  1:17  SCV  
  17  1:29  SCV  
  17  1:31  Barracks  
  18  1:43  SCV  
  19  1:54  Marine  
  19  1:55  Supply Depot, Marine  
  19  1:56  Orbital Command  
  21  2:03  Bunker  
  21  2:04  Marine  
  22  2:12  Marine  
  23  2:16  Marine  
  23  2:19  Marine  
  23  2:22  Marine  
  26  2:30  Marine  
  26  2:32  Supply Depot  
  26  2:34  Marine  
  28  2:37  Marine  
  28  2:40  Marine  
  30  2:48  Marine  
  31  2:53  Marine  
  31  2:54  Marine  
  31  2:55  Bunker  
  33  2:58  Supply Depot, Marine  
  34  3:06  Marine  
  34  3:11  Marine  
  34  3:12  SCV, Marine  
  37  3:16  Marine  
  39  3:23  Marine  
  39  3:27  SCV  
  40  3:29  Supply Depot, Marine  
  40  3:30  Marine  
  40  3:33  Refinery  
  40  3:34  Marine  
  42  3:39  SCV  
  44  3:41  Bunker  
  44  3:44  Marine  
  44  3:47  Marine  
  44  3:48  Marine  
  46  3:55  Marine  
  38  4:02  Marine  
  38  4:05  Marine  
  38  4:06  Marine  
  40  4:10  Bunker  
  40  4:13  Bunker, Marine  
  41  4:19  Marine  
  41  4:23  Marine  
  41  4:24  Marine  
  44  4:31  Marine  
  45  4:37  Marine  
  46  4:40  Marine  
  46  4:41  Marine  
  47  4:49  Marine  
  47  4:51  Command Center  
  48  4:54  SCV  
  48  4:55  Marine  
  48  4:58  Marine  
  50  5:03  Marine  
  50  5:07  SCV  
  52  5:12  Bunker  
  52  5:13  Barracks Tech Lab  
  52  5:18  Barracks Reactor  
  52  5:19  SCV  
  53  5:26  Marine x2  
  54  5:31  SCV  
  55  5:37  Bunker  
  55  5:50  Marine x3  
  55  5:57  SCV  
  59  6:03  Supply Depot  
  60  6:12  Marine x3  
  60  6:17  Marine x2  
  65  6:22  Orbital Command  
  64  6:29  Marine  
  64  6:30  Marine x2  
  67  6:35  Marine  
  67  6:36  Marine  
  67  6:37  SCV  
  70  6:47  Marine x2  
  70  6:48  Marine  
Tags
 
Add a new tag
Caveats
  • Supply blocks, unpowered buildings, or Contaminate may cause inaccurate times.
  • Supply counts are checked every 10 seconds.